 Dungeon Crawl Stone Soup version 0.23-b1-59-g586d0d887c (webtiles) character file.

Game seed: 15733293862099063145

429 McKennaii the Ruffian (level 6, 0/72 HPs)
             Began as a Draconian Transmuter on Feb 4, 2019.
             Slain by Grinder (1 damage)
             ... while paralysed by Grinder
             ... on level 5 of the Dungeon.
             The game lasted 00:09:11 (4175 turns).

McKennaii the Ruffian (Draconian Transmuter)        Turns: 4175, Time: 00:09:12

Health: 0/72       AC:  7    Str: 18    XL:     6   Next: 66%
Magic:  9/10       EV:  2    Int: 15    God:
Gold:   283        SH:  0    Dex: 11    Spells: 8/11 levels left

rFire    . . .     SeeInvis .     - Unarmed
rCold    . . .     Gourm    .   (no shield)
rNeg     + . .     Faith    .   (armour unavailable)
rPois    .         Spirit   .   (helmet restricted)
rElec    .         Reflect  .   (no cloak)
rCorr    .         Harm     .   (no gloves)
MR       .....                  g - +0 pair of boots
Stlth    ..........             p - amulet of magic regeneration
HPRegen  0.22/turn              o - ring of positive energy
MPRegen  0.37/turn              (no ring)

@: paralysed, berserking
A: unfitting armour, cold-blooded, AC +6
a: no special abilities


You were on level 5 of the Dungeon.
You were not hungry.

You visited 1 branch of the dungeon, and saw 5 of its levels.

You collected 283 gold pieces.

Inventory:

Missiles
 a - 30 arrows
Armour
 g - a +0 pair of boots (worn)
Jewellery
 o - a ring of positive energy (left hand)
 p - an amulet of magic regeneration (around neck)
Scrolls
 b - a scroll of fog {unknown}
 d - a scroll of immolation {unknown}
 e - 2 scrolls of magic mapping {unknown}
 f - 2 scrolls of noise {unknown}
 i - 2 scrolls of blinking {unknown}
 j - 4 scrolls of teleportation {unknown}
 l - 2 scrolls of amnesia {unknown}
 m - a scroll of fear {unknown}
Potions
 n - a potion of lignification {unknown}
Comestibles
 c - 8 rations
 k - 2 chunks of flesh


   Skills:
 + Level 1.8 Fighting
 + Level 3.3 Dodging
 + Level 0.9 Stealth
 + Level 4.9 Unarmed Combat
 + Level 3.2 Spellcasting
 + Level 3.6 Transmutations


You had 8 spell levels left.
You knew the following spells:

 Your Spells              Type           Power        Failure   Level  Hunger
a - Beastly Appendage     Tmut           ##....       4%          1    #......
b - Sticks to Snakes      Tmut           ##......     7%          2    ##.....

Your spell library contained the following spells:

 Spells                   Type           Power        Failure   Level  Hunger
 Spider Form              Tmut/Pois      #.........   28%         3    ###....
 Ice Form                 Ice/Tmut       #.......     67%         4    #####..
 Blade Hands              Tmut           ##........   77%         5    ######.


Dungeon Overview and Level Annotations

Branches:
Dungeon (5/15)
 Temple: D:4-7

Altars:
Ashenzari
Makhleb
The Shining One

Annotations:
D:5 Grinder


Innate Abilities, Weirdness & Mutations

Your plain brown scales are hard. (AC +6)
You cannot fit into any form of body armour.
You are cold-blooded and may be slowed by cold attacks.


Message History

Your adder bites Grinder.
You feel a strong urge to attack something.
You closely miss Grinder.
Grinder is lightly wounded.
Your adder barely misses Grinder.
The ogre closely misses your adder. Grinder gestures at you.
You suddenly lose the ability to move!
Something stings your adder but does no damage.
Your adder misses Grinder. Grinder hits you!
* * * LOW HITPOINT WARNING * * *
Something closely misses your adder.
The ogre hits your adder with a +0 giant club!!
Your adder dies!
Grinder gestures at you.
You shrug off the repeated paralysis!
The quokka twitches its whiskers.
Grinder hits you!
* * * LOW HITPOINT WARNING * * *
You writhe in agony.
You die...

## ## .# .## #.# ## #.#
#.#### .# ### ##.##
#....# #. #.#
###...####..## #.##.#
#..#..O5@....#..# #..#.>
#.>..r###......# #..#.#
#.....# ##..†..# ##...#
#...S.. ###....####....#
#....s.....(....##..#..#
#..........#...#....#####
....?......##...###..#
..%.......####..# #..#
##........# #..# ####


You could see Grinder, an ogre and a quokka.

Vanquished Creatures
  A howler monkey (D:5)
  A hound (D:4)
  2 worker ants (D:4)
  4 gnolls (D:3)
  7 adders
  An adder skeleton (D:4)
  A worm (D:2)
  3 dart slugs
  2 leopard geckos
  8 orcs
  6 bats
  8 giant cockroaches
  6 goblins
  2 hobgoblins
  3 quokkas
  5 frilled lizards
  8 kobolds
  6 rats
74 creatures vanquished.

Vanquished Creatures (collateral kills)
  A water moccasin (D:4)
  An ogre (D:4)
  Jessica (D:3)
  A worker ant (D:4)
  A worm (D:3)
  An orc (D:5)
  A kobold (D:3)
7 creatures vanquished.

Vanquished Creatures (others)
  A giant cockroach (D:1)
1 creature vanquished.

Grand Total: 82 creatures vanquished

Notes
Turn   | Place    | Note
-------+----------+-------------------------------------------
     0 | D:1      | McKennaii the Draconian Transmuter began the quest for the
                  | Orb.
     0 | D:1      | Reached XP level 1. HP: 16/16 MP: 3/3
   127 | D:1      | Reached XP level 2. HP: 3/23 MP: 1/5
  1221 | D:2      | Reached XP level 3. HP: 27/28 MP: 4/6
  1300 | D:2      | Learned a level 2 spell: Sticks to Snakes
  1562 | D:2      | Found a burning altar of Makhleb.
  1824 | D:2      | Found a glowing golden altar of the Shining One.
  1941 | D:3      | Found a shattered altar of Ashenzari.
  1965 | D:3      | Reached XP level 4. HP: 35/35 MP: 2/7
  1971 | D:3      | Reached skill level 4 in Unarmed Combat
  2880 | D:3      | Noticed Jessica
  2890 | D:3      | Killed Jessica
  2890 | D:3      | Reached XP level 5. HP: 27/40 MP: 2/8
  3503 | D:4      | Noticed a water moccasin
  3525 | D:4      | Killed a water moccasin
  3525 | D:4      | Reached XP level 6. HP: 17/48 MP: 2/10
  3963 | D:5      | Entered Level 5 of the Dungeon
  4159 | D:5      | Noticed Grinder
  4163 | D:5      | Paralysed by Grinder for 4 turns
  4172 | D:5      | Paralysed by Grinder for 6 turns
  4175 | D:5      | HP: 1/72 [Grinder (7)]
  4175 | D:5      | Slain by Grinder

Skill      XL: |  1  2  3  4  5  6 |
---------------+-------------------+-----
Dodging        | 2 3 |  3.3
Unarmed Combat | 4 |  4.9
Transmutations | 3 |  3.6
Spellcasting   | 3 |  3.2
Fighting       | |  1.8
Stealth        | |  0.9

Action                   |  1- 3 |  4- 6 || total
-------------------------+-------+-------++-------
Melee: Unarmed           |   123 |   181 ||   304
       Tailslap          |    12 |    20 ||    32
       Headbutt          |     3 |    10 ||    13
       Kick              |     1 |       ||     1
       Punch             |       |     3 ||     3
 Cast: Beastly Appendage |     5 |     6 ||    11
       Sticks to Snakes  |     3 |    30 ||    33
  Use: Potion            |       |     2 ||     2
 Stab: Distracted        |     1 |     2 ||     3
       Sleeping          |     1 |       ||     1
  Eat: Chunk             |     3 |    10 ||    13
Armor: Skin              |    42 |    57 ||    99
Dodge: Dodged            |    90 |   119 ||   209
